 Dungeon Crawl Stone Soup version 0.28.0-53-g5a82cb258f (webtiles) character file.

Game seed: 3719215388473620681

184644 Zeld the Slayer (level 17, 0/178 HPs)
             Began as a Minotaur Berserker on June 12, 2022.
             Was a High Priest of Trog.
             Killed from afar by a shock serpent (19 damage)
             ... with a bolt of electricity
             ... on level 2 of the Snake Pit.
             The game lasted 00:41:05 (44058 turns).

Zeld the Slayer (Minotaur Berserker)               Turns: 44058, Time: 00:41:05

Health: 0/178      AC: 29    Str: 29    XL:     17   Next: 78%
Magic:  16/16      EV:  9    Int:  4    God:    Trog [*****.]
Gold:   587        SH:  9    Dex: 11    Spells: 16/16 levels left

rFire   . . .      SeeInvis +   a - +8 mithril axe "Arga" {speed, Will+}
rCold   . . .      Faith    .   g - +0 tower shield
rNeg    . . .      Spirit   .   T - +8 plate armour {Will+}
rPois   +          Reflect  .   c - +1 hat
rElec   .          Harm     .   C - scarf {repulsion}
rCorr   .          Rampage  .   p - +0 pair of gloves
Will    +++..                   o - +0 pair of boots
Stlth   ..........              (no amulet)
HPRegen 0.39/turn               Y - ring of poison resistance
MPRegen 0.15/turn               J - ring of see invisible

@: studying Dodging, repel missiles
A: horns 2, retaliatory headbutt
a: Renounce Religion, Berserk, Trog's Hand, Brothers in Arms


You were on level 2 of the Snake Pit.
You worshipped Trog.
Trog was extremely pleased with you.
You visited 6 branches of the dungeon, and saw 27 of its levels.
You also visited: Sewer, Bailey, Gauntlet and Ice Cave.

You collected 3465 gold pieces.
You spent 2878 gold pieces at shops.

Inventory:

Hand Weapons
 a - the +8 mithril axe "Arga" (weapon) {speed, Will+}
   (You found it in a Gauntlet)

   Attacks with this weapon are significantly faster.
   Will:      It increases your willpower.
 b - a +4 broad axe of flaming
Armour
 c - a +1 hat (worn)
 g - a +0 tower shield (worn)
 o - a +0 pair of boots (worn)
 p - a +0 pair of gloves (worn)
 C - a scarf of repulsion (worn)
 T - a +8 plate armour of willpower (worn)
Jewellery
 J - a ring of see invisible (right hand)
 N - a ring of protection from cold
 P - a ring of protection from fire
 Y - a ring of poison resistance (left hand)
Wands
 i - a wand of mindburst (11)
 n - a wand of iceblast (12)
 r - a wand of charming (34)
 y - a wand of acid (21)
 M - a wand of flame (44)
 Q - a wand of polymorph (11)
 U - a wand of digging (7)
Scrolls
 f - 10 scrolls of teleportation
 k - a scroll of blinking
 v - a scroll of summoning
 x - 2 scrolls of holy word
 z - 3 scrolls of magic mapping
 A - 7 scrolls of fear
 B - a scroll of brand weapon
 G - 4 scrolls of fog
Potions
 d - 5 potions of berserk rage
 e - 12 potions of curing
 h - 3 potions of magic
 q - 4 potions of degeneration {unknown}
 s - 8 potions of flight {unknown}
 t - 7 potions of heal wounds
 u - a potion of ambrosia {unknown}
 w - a potion of lignification {unknown}
 E - 4 potions of mutation
 F - 8 potions of might
 H - 5 potions of cancellation
 I - 9 potions of haste
 R - 2 potions of invisibility
 V - a potion of resistance
Miscellaneous
 K - a condenser vane
 S - a phial of floods
 W - a piece from Xom's chessboard (15/15)
 Z - a tin of tremorstones (2/2)


   Skills:
 * Level 22.4 Fighting
 - Level 18.0 Axes
 + Level 16.2 Armour
 + Level 16.3 Dodging
 + Level 11.1 Evocations


You had 16 spell levels left.
You didn't know any spells.
Your spell library was empty.

Dungeon Overview and Level Annotations

Branches:
Dungeon (15/15)            Temple (1/1) D:7            Lair (6/6) D:9
 Shoals (1/4) Lair:2        Snake (2/4) Lair:4        Slime (0/5) Lair:6
    Orc (2/2) D:11            Elf (0/3) Orc:2        Vaults (0/5) D:13
 Depths (0/4) D:15          Sewer (visited)          Bailey (visited)
  IceCv (visited)         Gauntlet (visited)

Altars:
Ashenzari
Cheibriados
Dithmenos
Elyvilon
Fedhas
Gozag
Hepliaklqana
Kikubaaqudgha
Makhleb
Nemelex Xobeh
Okawaru
Qazlal
Ru
Sif Muna
Trog
Uskayaw
Vehumet
Wu Jian
Xom
Yredelemnul
Zin
The Shining One
Beogh
Lugonu

Shops:
D:14 ==?*   Orc:2 =(!!


Innate Abilities, Weirdness & Mutations

You have a pair of horns on your head.
You reflexively headbutt those who attack you in melee.


Message History

The shock serpent bites you.
* * * LOW HITPOINT WARNING * * *
The shock serpent shocks you!
* * * LOW HITPOINT WARNING * * *
Unknown command.
Blink to where?
Press: ? - help, Dir - move target
As you read the scroll of blinking, it crumbles to dust.
You feel much better.
You feel much better.
Your ogre goes berserk!
You block the shock serpent's attack.
Unknown command.
Unknown command.
You closely miss the shock serpent.
The shock serpent is almost dead.
You block the shock serpent's attack. The shock serpent bites your ogre!
The shock serpent shocks your ogre!
Your ogre misses the shock serpent.
The shock serpent bites you but does no damage.
Unknown command.
Unknown command.
You barely miss the shock serpent. Your headbutt misses the shock serpent.
The shock serpent is almost dead.
The shock serpent shoots out a bolt of lightning at you!
The bolt of electricity hits your ogre!!
Your ogre dies!
Your ogre's corpse disappears in a puff of smoke!
The bolt of electricity hits the shock serpent.
The shock serpent completely resists.
The bolt of electricity hits you.
* * * LOW HITPOINT WARNING * * *
The bolt of electricity hits you.
* * * LOW HITPOINT WARNING * * *
The shock serpent bites you but does no damage.
Unknown command.
Your troll goes berserk!
The shock serpent shoots out a bolt of lightning at you!
The bolt of electricity hits you!!
* * * LOW HITPOINT WARNING * * *
The bolt of electricity hits you!!
You die...

### #.# #.# #
##.## .# .
#.####...####..#
. #.TSS.#.S.S..#
# ##S#######..##
# #@# ..# ###
...# ....#
.....# ##...###
##.S## #... ##
#... #.. ##...


You could see 2 shock serpents, a mana viper and a friendly troll (summoned,
berserk).

Vanquished Creatures
  Rupert (D:12)
  Asterion (Snake:1)
  Frances (D:12)
  A frost giant (D:15)
  An orc warlord (Bailey)
  Louise (Snake:1)
  A bunyip (shapeshifter) (D:15)
  Azrael (Snake:1)
  2 dire elephants (Lair:6)
  A minotaur (Gauntlet)
  Josephine (D:14)
  A yaktaur captain (D:15)
  A salamander tyrant (Snake:2)
  A deep elf high priest (D:15)
  2 vault guards (D:13)
  A great orb of eyes (D:9)
  4 naga warriors
  8 hydras
  Harold (D:10)
  5 boulder beetles
  Erolcha (Orc:2)
  4 ogre magi
  2 catoblepae
  4 anacondas
  13 death yaks
  12 two-headed ogres
  9 centaur warriors
  A tengu warrior (D:13)
  A deep troll earth mage (D:15)
  A death knight (D:14)
  4 naga sharpshooters (Snake:1)
  A shock serpent (Snake:1)
  Nergalle (Lair:4)
  11 skeletal warriors
  A fire crab (Lair:4)
  3 salamander mystics
  A flayed ghost (D:15)
  3 naga ritualists
  2 lindwurms (Lair:6)
  2 wizards
  A harpy (shapeshifter) (D:13)
  A phantasmal warrior (D:15)
  3 wolf spiders
  7 deep elf pyromancers
  A deep elf zephyrmancer (Orc:1)
  A necromancer (Gauntlet)
  5 orc knights
  8 mana vipers
  11 ugly things
  3 salamanders
  9 cyclopes
  11 orc sorcerers
  5 oklob plants
  11 manticores
  10 elephants
  3 ice statues (IceCv)
  A black mamba (shapeshifter) (D:15)
  A guardian serpent (shapeshifter) (D:15)
  2 naga magi (Snake:2)
  3 guardian serpents
  27 black mambas
  15 cane toads
  3 gargoyles
  A cane toad (shapeshifter) (D:15)
  A minotaur zombie (Gauntlet)
  A yaktaur (shapeshifter) (D:15)
  An unseen horror (D:10)
  9 komodo dragons
  An efreet (D:15)
  An entropy weaver simulacrum (IceCv)
  An anaconda simulacrum (IceCv)
  7 rime drakes
  An ice devil (Gauntlet)
  4 freezing wraiths
  A tengu conjurer (D:13)
  5 yaktaurs (D:15)
  4 meliai
  A wind drake (Lair:2)
  A queen bee (Gauntlet)
  5 hornets
  7 trolls
  4 polar bears
  15 blink frogs
  Prince Ribbit (D:4)
  17 dream sheep
  15 slime creatures
  A raiju (shapeshifter) (D:15)
  A jumping spider (shapeshifter) (D:15)
  A shadow (D:10)
  A spriggan (shapeshifter) (D:15)
  A centaur simulacrum (D:15)
  2 spriggans (Lair:5)
  6 wraiths
  A dire elephant simulacrum (IceCv)
  20 wyverns
  2 vampires
  53 yaks
  A wyvern (shapeshifter) (D:15)
  A water elemental (Lair:2)
  3 fire elementals (Snake:1)
  10 humans (D:13)
  2 basilisks
  3 redbacks (Lair:6)
  18 vampire mosquitoes
  A death yak simulacrum (IceCv)
  A steam dragon (D:9)
  A harpy simulacrum (IceCv)
  A warg (Orc:2)
  23 nagas
  An acid dragon (D:11)
  18 water moccasins
  A swamp drake (Orc:1)
  Duvessa (D:5)
  2 hell hounds (Snake:1)
  A meliai simulacrum (D:14)
  22 orc warriors
  2 ice beasts
  A sky beast (D:6)
  9 black bears
  3 necrophages
  4 boggarts (D:15)
  9 ogres
  15 wolves
  28 centaurs
  A phantom (D:5)
  3 kobold brigands
  A bullfrog (shapeshifter) (D:15)
  9 bullfrogs
  5 gnoll sergeants
  2 cane toad simulacra (IceCv)
  2 scorpions
  A wyvern zombie (D:7)
  Dowan (D:5)
  2 hornet simulacra (D:15)
  23 killer bees
  A water moccasin skeleton (D:5)
  A howler monkey (D:8)
  A vampire bat (D:10)
  7 wights
  A crimson imp (Orc:1)
  A lava snake (D:12)
  16 centaur zombies
  4 jellies
  3 hounds
  Crazy Yiuf (D:5)
  2 bullfrog skeletons (D:5)
  A gnoll shaman (D:9)
  An iron imp (Orc:1)
  12 orc priests
  Jessica (D:3)
  Ijyb (D:3)
  2 iguanas
  38 orc wizards
  A polar bear simulacrum (IceCv)
  2 killer bee zombies (D:7)
  A mummy (D:3)
  4 howler monkey zombies
  15 adders
  21 gnolls
  2 river rats (D:6)
  A shadow imp (Orc:1)
  5 white imps
  6 worms
  2 dart slugs (D:1)
  95 orcs
  An orc (shapeshifter) (D:14)
  2 bat skeletons (D:10)
  3 bat zombies (D:10)
  5 endoplasms
  6 giant cockroaches
  11 hobgoblins
  3 jackals (D:1)
  17 kobolds
  11 quokkas
  16 ball pythons
  A bat (D:1)
  4 frilled lizards
  5 goblins
  9 rats
1023 creatures vanquished.

Vanquished Creatures (collateral kills)
  Jorgrun (D:12)
  2 naga warriors (Snake:1)
  A manticore (D:15)
4 creatures vanquished.

Vanquished Creatures (others)
  An ogre mage (D:15)
  55 fungi
  98 plants
154 creatures vanquished.

Grand Total: 1181 creatures vanquished

Notes
Turn   | Place    | Note
-------+----------+-------------------------------------------
     0 | D:1      | Zeld the Minotaur Berserker began the quest for the Orb.
     0 | D:1      | Reached XP level 1. HP: 19/19 MP: 0/0
   414 | D:1      | Reached XP level 2. HP: 27/27 MP: 1/1
   452 | D:1      | Found a faded altar of an unknown god.
   470 | D:1      | Reached skill level 4 in Fighting
   648 | D:1      | Reached XP level 3. HP: 31/33 MP: 2/2
   649 | D:1      | Reached ** piety under Trog
  1000 | D:2      | Found a bloodstained altar of Trog.
  1276 | D:2      | Reached XP level 4. HP: 41/41 MP: 3/3
  1910 | D:3      | Noticed Jessica
  1919 | D:3      | Killed Jessica
  1920 | D:3      | Reached skill level 5 in Fighting
  1920 | D:3      | Reached skill level 5 in Axes
  1920 | D:3      | Reached XP level 5. HP: 48/48 MP: 4/4
  1927 | D:3      | Found an opulent altar of Gozag.
  2024 | D:3      | Noticed Ijyb
  2026 | D:3      | Found a snail-covered altar of Cheibriados.
  2288 | D:3      | Killed Ijyb
  2348 | D:3      | Found a glowing silver altar of Zin.
  2363 | D:3      | Reached *** piety under Trog
  2712 | D:3      | Reached XP level 6. HP: 19/56 MP: 5/5
  3637 | D:4      | Found a stormy altar of Qazlal.
  3721 | D:4      | Reached skill level 6 in Fighting
  3995 | D:5      | Entered Level 5 of the Dungeon
  3995 | D:5      | Noticed Prince Ribbit
  4041 | D:4      | Killed Prince Ribbit
  4042 | D:4      | Reached XP level 7. HP: 21/64 MP: 6/6
  4365 | D:5      | Reached skill level 7 in Fighting
  4397 | D:5      | HP: 2/66 [gnoll sergeant/+7 spear (8)]
  4496 | D:5      | Reached XP level 8. HP: 30/73 MP: 7/7
  4598 | D:5      | Noticed Duvessa
  4598 | D:5      | Noticed Dowan
  4614 | D:5      | Killed Duvessa
  4615 | D:5      | Reached skill level 5 in Armour
  4638 | D:5      | Killed Dowan
  4854 | D:5      | Reached skill level 8 in Fighting
  4961 | D:5      | Reached skill level 5 in Dodging
  4987 | D:5      | Found a runed translucent door.
  4988 | D:5      | Noticed Crazy Yiuf
  5119 | D:5      | Found a white marble altar of Elyvilon.
  5196 | D:5      | Killed Crazy Yiuf
  5262 | D:6      | Reached **** piety under Trog
  5478 | D:6      | Found a glowing drain.
  5492 | Sewer    | Entered a sewer
  6006 | D:6      | Reached XP level 9. HP: 82/82 MP: 8/8
  6112 | D:6      | Reached skill level 9 in Fighting
  6225 | D:6      | Found a broken altar of Ashenzari.
  6226 | D:6      | Found a basalt altar of Yredelemnul.
  6236 | D:6      | Found a blossoming altar of Fedhas.
  6428 | D:7      | Reached ***** piety under Trog
  6667 | D:7      | Reached skill level 10 in Axes
  6696 | D:7      | Found a staircase to the Ecumenical Temple.
  6749 | Temple   | Entered the Ecumenical Temple
  6911 | D:7      | Reached skill level 10 in Fighting
  6964 | D:7      | Paralysed by a hornet for 3 turns
  6972 | D:7      | Paralysed by a hornet for 2 turns
  7101 | D:7      | Found a shimmering blue altar of Sif Muna.
  7229 | D:7      | Found a hazy altar of Hepliaklqana.
  7503 | D:8      | Noticed a cyclops
  7517 | D:8      | Killed a cyclops
  7518 | D:8      | Reached XP level 10. HP: 77/94 MP: 9/9
  7676 | D:8      | Found a sparkling altar of Nemelex Xobeh.
  7688 | D:8      | Noticed a gargoyle
  7711 | D:8      | Killed a gargoyle
  7770 | D:8      | Found a glowing golden altar of the Shining One.
  7931 | D:9      | Reached skill level 11 in Fighting
  8013 | D:9      | Noticed a two-headed ogre
  8013 | D:9      | Noticed a deep elf pyromancer
  8014 | D:9      | Noticed a two-headed ogre
  8075 | D:9      | Killed a two-headed ogre
  8093 | D:8      | HP: 2/96 [two-headed ogre/+0 giant club (23)]
  8455 | D:8      | Found a sparkling altar of Nemelex Xobeh.
  8472 | D:8      | Found a glowing golden altar of the Shining One.
  8532 | D:8      | Killed a two-headed ogre
  8918 | D:9      | Found a radiant altar of Vehumet.
  9078 | D:9      | Killed a deep elf pyromancer
  9079 | D:9      | Reached skill level 12 in Fighting
  9079 | D:9      | Reached skill level 1 in Evocations
  9212 | D:9      | Reached XP level 11. HP: 102/104 MP: 10/10
  9328 | D:9      | Noticed a skeletal warrior
  9680 | D:8      | Killed a skeletal warrior
  9748 | D:9      | Noticed a two-headed ogre
  9757 | D:9      | Killed a two-headed ogre
 10111 | D:9      | Noticed a great orb of eyes
 10120 | D:9      | Paralysed by a great orb of eyes for 3 turns
 10129 | D:9      | Killed a great orb of eyes
 10356 | D:9      | Found a staircase to the Lair.
 10485 | D:10     | Entered Level 10 of the Dungeon
 10497 | D:10     | Found a flagged portal.
 10508 | D:10     | Received a gift from Trog
 10509 | D:10     | Reached skill level 13 in Fighting
 10522 | Bailey   | Entered a bailey
 10527 | Bailey   | Noticed an orc warlord
 10680 | Bailey   | Found a runed translucent gate.
 10683 | Bailey   | Found a runed translucent gate.
 10683 | Bailey   | Noticed an orc knight
 10684 | Bailey   | Found a runed translucent gate.
 10699 | Bailey   | Killed an orc knight
 11077 | Bailey   | Killed an orc warlord
 11213 | D:10     | Reached skill level 14 in Fighting
 11213 | D:10     | Reached skill level 10 in Armour
 11213 | D:10     | Reached XP level 12. HP: 117/117 MP: 11/11
 11622 | D:10     | Noticed a two-headed ogre
 11633 | D:10     | Killed a two-headed ogre
 11771 | D:10     | Noticed Harold
 11790 | D:10     | Killed Harold
 11791 | D:10     | Reached XP level 13. HP: 113/125 MP: 12/12
 11959 | D:10     | Found a broken altar of Ashenzari.
 11961 | D:10     | Found a shimmering altar of Xom.
 11961 | D:10     | Found a blossoming altar of Fedhas.
 11963 | D:10     | Found an iron altar of Okawaru.
 11963 | D:10     | Found a blossoming altar of Fedhas.
 11963 | D:10     | Found a broken altar of Ashenzari.
 12017 | D:10     | Found an ancient bone altar of Kikubaaqudgha.
 12348 | D:11     | Received a gift from Trog
 12511 | D:11     | Found a staircase to the Orcish Mines.
 12628 | D:11     | Reached skill level 5 in Evocations
 12843 | D:11     | Reached skill level 15 in Fighting
 12843 | D:11     | Reached skill level 15 in Axes
 13239 | D:12     | Reached skill level 10 in Dodging
 13599 | D:12     | Noticed Rupert
 13609 | D:12     | Killed Rupert
 13756 | D:12     | Noticed Frances
 13767 | D:12     | HP: 2/127 [manticore (14)]
 14096 | D:12     | Noticed Jorgrun
 14114 | D:12     | Killed Jorgrun
 14495 | Lair:1   | Entered Level 1 of the Lair of Beasts
 14500 | Lair:1   | Reached skill level 16 in Fighting
 14624 | Lair:1   | Reached XP level 14. HP: 137/137 MP: 13/13
 15517 | Lair:2   | Found a staircase to the Shoals.
 16247 | Lair:3   | Received a gift from Trog
 17146 | Lair:4   | Noticed Nergalle
 17154 | Lair:4   | Killed Nergalle
 17626 | Lair:4   | Reached skill level 17 in Fighting
 17644 | Lair:4   | Found a staircase to the Snake Pit.
 18323 | Lair:5   | Found a gate leading to a gauntlet.
 18342 | Gauntlet | Entered a Gauntlet
 18342 | Gauntlet | Found a transporter.
 18372 | Gauntlet | Found a transporter.
 18388 | Gauntlet | Found a transporter.
 18393 | Gauntlet | Found a transporter.
 18408 | Gauntlet | Found a transporter.
 18427 | Gauntlet | Found a transporter.
 18429 | Gauntlet | Found the +8 mithril axe "Arga" {speed, Will+}
 18436 | Gauntlet | Found a transporter.
 18451 | Gauntlet | Found a transporter.
 18463 | Gauntlet | Found a transporter.
 18475 | Gauntlet | Found a transporter.
 18492 | Gauntlet | Found a transporter.
 18509 | Gauntlet | Found a transporter.
 18511 | Gauntlet | Found a transporter.
 18536 | Gauntlet | Found a transporter.
 18538 | Gauntlet | Found a transporter.
 18634 | Gauntlet | Found a transporter.
 18654 | Gauntlet | Found a transporter.
 18861 | Gauntlet | Found a transporter.
 19635 | Lair:5   | Received a gift from Trog
 19650 | Lair:5   | Reached XP level 15. HP: 141/148 MP: 12/14
 20433 | Lair:6   | Entered Level 6 of the Lair of Beasts
 20445 | Lair:6   | Identified the +4 trident "Vofrig" {speed, MP+9 Int-4
                  | Dex+2}
 20878 | Lair:6   | Found a staircase to the Slime Pits.
 21474 | Lair:5   | Reached skill level 18 in Fighting
 22131 | Lair:6   | Found a broken altar of Ashenzari.
 22784 | Lair:6   | Received a gift from Trog
 22957 | Lair:6   | Paralysed by a hornet for 3 turns
 23187 | Lair:5   | HP: 7/150 [poisoned by a guardian serpent (bolt of poison)]
 24805 | Lair:6   | Identified the +0 shortbow of the Coin {vorpal, rN+}
 25798 | Lair:6   | Reached skill level 19 in Fighting
 26313 | Orc:1    | Entered Level 1 of the Orcish Mines
 26348 | Orc:1    | Found a frozen archway.
 26357 | IceCv    | Entered an ice cave
 27382 | IceCv    | Found the +1 robe of Vines {NoPotionHeal Regen++++}
 27910 | Orc:1    | Reached ****** piety under Trog
 27916 | Orc:1    | Received a gift from Trog
 28054 | Orc:1    | Identified the +2 robe "Mastrieq" {Regen+}
 28055 | Orc:1    | Identified the +0 hat of Intuition {rC+ Str+5}
 28225 | Orc:2    | Entered Level 2 of the Orcish Mines
 28706 | Orc:2    | Reached XP level 16. HP: 161/161 MP: 15/15
 28732 | Orc:2    | Found a burning altar of Makhleb.
 28764 | Orc:2    | Found a staircase to the Elven Halls.
 28832 | Orc:2    | Found Itupe's Antique Weapon Shoppe.
 28873 | Orc:2    | Received a gift from Trog
 28888 | Orc:2    | Found Zeilutwa's Jewellery Emporium.
 28910 | Orc:2    | Found an ancient bone altar of Kikubaaqudgha.
 28968 | Orc:2    | Bought a ring of protection from fire for 400 gold pieces
 29001 | Orc:2    | Found a radiant altar of Vehumet.
 29001 | Orc:2    | Noticed Erolcha
 29013 | Orc:2    | Killed Erolcha
 29046 | Orc:2    | Found Eqipus's Distillery.
 29047 | Orc:2    | Found Emong's Distillery.
 29124 | Orc:2    | Bought a potion of cancellation for 120 gold pieces
 29124 | Orc:2    | Bought a potion of curing for 45 gold pieces
 29124 | Orc:2    | Bought a potion of invisibility for 120 gold pieces
 29124 | Orc:2    | Bought a potion of heal wounds for 75 gold pieces
 29124 | Orc:2    | Bought a potion of mutation for 120 gold pieces
 29124 | Orc:2    | Bought a potion of curing for 45 gold pieces
 29124 | Orc:2    | Bought a potion of haste for 150 gold pieces
 29138 | Orc:2    | Bought a potion of haste for 150 gold pieces
 29138 | Orc:2    | Bought a potion of might for 60 gold pieces
 29138 | Orc:2    | Bought a potion of curing for 45 gold pieces
 29138 | Orc:2    | Bought a potion of haste for 150 gold pieces
 29138 | Orc:2    | Bought a potion of might for 60 gold pieces
 29138 | Orc:2    | Bought a potion of resistance for 150 gold pieces
 29138 | Orc:2    | Bought a potion of haste for 150 gold pieces
 29698 | D:12     | Killed Frances
 31791 | D:13     | Reached skill level 20 in Fighting
 31875 | D:13     | Found a gate to the Vaults.
 31884 | D:13     | Identified the +9 great mace "Lifebane" {holy, rC+}
 33081 | D:13     | Found a gate to the Vaults.
 33312 | D:14     | Found Viwy Ess's Jewellery Boutique.
 33316 | D:14     | Noticed Josephine
 33326 | D:14     | Killed Josephine
 33564 | D:14     | Received a gift from Trog
 33735 | D:14     | Found Pimualel's Magic Scroll Emporium.
 33744 | D:14     | Bought a scroll of holy word for 112 gold pieces
 33744 | D:14     | Bought a scroll of teleportation for 45 gold pieces
 33744 | D:14     | Bought a scroll of blinking for 112 gold pieces
 33744 | D:14     | Bought a scroll of fear for 52 gold pieces
 33744 | D:14     | Bought a scroll of identify for 30 gold pieces
 33844 | D:14     | Found Huar's Assorted Antiques.
 33950 | D:14     | Bought a scroll of teleportation for 69 gold pieces
 33950 | D:14     | Bought a scroll of blinking for 172 gold pieces
 33950 | D:14     | Bought an inky potion for 20 gold pieces
 33950 | D:14     | Bought a scroll of identify for 46 gold pieces
 33950 | D:14     | Bought a scroll of fear for 80 gold pieces
 33950 | D:14     | Identified a scroll of acquirement
 33958 | D:14     | Acquired a manual of Dodging
 34056 | D:14     | Found Ymish's Jewellery Shoppe.
 34438 | D:15     | Entered Level 15 of the Dungeon
 35761 | D:15     | Reached skill level 15 in Armour
 36045 | D:15     | Found a staircase to the Depths.
 36109 | D:15     | Found an ancient bone altar of Kikubaaqudgha.
 36110 | D:15     | Found an ornate altar of the Wu Jian Council.
 36111 | D:15     | Found a hide-covered altar of Uskayaw.
 36185 | D:15     | Reached skill level 10 in Evocations
 37433 | D:15     | Reached skill level 21 in Fighting
 37686 | D:15     | Reached XP level 17. HP: 116/165 MP: 12/16
 38392 | D:15     | Reached skill level 15 in Dodging
 38559 | D:15     | Received a gift from Trog
 38571 | D:15     | Identified the +0 robe of Spite {rElec rF- Will+++
                  | Archmagi}
 39233 | Shoals:1 | Entered Level 1 of the Shoals
 39344 | Snake:1  | Entered Level 1 of the Snake Pit
 39687 | D:14     | Bought a ring of poison resistance for 300 gold pieces
 40156 | Snake:1  | Noticed Asterion
 40181 | Snake:1  | Killed Asterion
 41499 | Snake:1  | Noticed Louise
 41517 | Snake:1  | Killed Louise
 41757 | Snake:1  | Reached skill level 22 in Fighting
 42235 | Snake:1  | Noticed Azrael
 42250 | Snake:1  | Killed Azrael
 43433 | Snake:2  | Received a gift from Trog
 44051 | Snake:2  | HP: 8/178 [shock serpent (11)]
 44058 | Snake:2  | Killed from afar by a shock serpent

Illustrated notes

Levels and vault maps discovered:
D:1:      tarquinn_simple_flora_water_d, layout_basic,
          shapermc_ecumenical_altar_mp_urbaneastern,
          minmay_misc_feat_four_crosses, hex_intersection
D:2:      layout_loops_ring, basic_altar, minmay_snake_closets
D:3:      layout_basic, old_standard_altar, grunt_gozag_statues, slow_altar_1,
          uniq_ijyb, uniq_jessica
D:4:      layout_basic, nicolae_overflow_hidden_temple, roderic_lattice_a
D:5:      layout_rooms, nicolae_elyvilon_temple_path,
          hangedman_decor_diamond_cutter, uniq_crazy_yiuf_cottage, uniq_duvessa,
          uniq_prince_ribbit1
D:6:      layout_loops_ring, minitemple, gup_sewer_entry_bubbles
D:7:      layout_gridville, mainiacjoe_overflow_alcove_2,
          nicolae_overflow_crystal_walls, minmay_temple_entry_enclosed_plants,
          serial_undead, serial_undead_b, serial_undead_c, serial_undead_e,
          serial_undead_e, serial_undead_a, amcnicky_mini_corridor_feature
D:8:      layout_gridville, kennysheep_mini_moat,
          mainiacjoe_overflow_cross_hatched, hangedman_decor_opposing,
          abandoned_shop, chequers_serial_rivers_micro_e,
          minmay_misc_feat_diagonals
D:9:      nzn_winding_woodlands_stair_cross
          [nzn_winding_woodlands_5x15_split_checker,
          nzn_winding_woodlands_center_garden,
          nzn_winding_woodlands_5x15_longhouse,
          nzn_winding_woodlands_5x5_closed_star,
          nzn_winding_woodlands_5x5_cross, nzn_winding_woodlands_5x15_cabin,
          nzn_winding_woodlands_center_lodge,
          nzn_winding_woodlands_5x15_crooked], layout_loops_ring,
          nicolae_vehumet_altar_sigil, dk_noncrumbling_2, palyth_stone_intersect
D:10:     minmay_recursive_quarters, layout_long_grid,
          kennysheep_vampire_church, doesnt_xom_only_xom, enter_bailey_2,
          uniq_harold
D:11:     layout_roguey, david_orc_4, minivault_23
D:12:     layout_basic, kennysheep_donut, minmay_misc_feat_x, uniq_jorgrun,
          uniq_frances, uniq_rupert
D:13:     layout_stronghold, ximxim_vaults_locker_room
D:14:     layout_roguey, serial_shops, nicolae_take_the_stairs,
          nicolae_shop_statue_plus, nicolae_shop_advertising_works
          [nicolae_subvault_shop_adworks], nicolae_shop_hallway_stairs,
          hangedman_glass_teeth, uniq_josephine
D:15:     hangedman_slaughterboxes
Temple:   corrupted_temple
Lair:1:   layout_gridlike, serial_bayou_pond_b, nicolae_quartered_pool_impasse
Lair:2:   layout_misc_corridors, minmay_shoals_entry_beasts,
          minmay_lair_oklob_items, beast_lair_carwin_8
Lair:3:   layout_small_grid, grunt_megastairs_4
Lair:4:   layout_cave_pods, guppyfry_snake_entry_garden, uniq_nergalle
Lair:5:   layout_loops_ring, gauntlet_entry_generic, forest_entry_grove
Lair:6:   hangedman_lair_in_review, layout_regular_city,
          hangedman_lair_tendril_chambers, minmay_slime_entry_oklob_open,
          basic_altar
Shoals:1: layout_shoals
Snake:1:  layout_rooms, uniq_louise, uniq_azrael, uniq_asterion
Snake:2:  layout_layer_cave
Orc:1:    layout_caves, portal_ice_cave_rime, hangedman_minor_magic
Orc:2:    kennysheep_orc_mage_school, layout_caves, basic_altar

Skill      XL: |  1  2  3  4  5  6  7  8  9 10 11 12 13 14 15 16 17 |
---------------+----------------------------------------------------+-----
Fighting       | 4 5 6 7 8 10 12 14 16 17 19 21 22 | 22.4
Axes           | 4 5 6 7 9 10 12 14 16 17 18 | 18.0
Armour         | 3 4 6 7 8 10 11 12 14 15 16 | 16.2
Dodging        | 3 4 5 6 7 9 10 11 12 14 16 | 16.3
Evocations     | 1 4 6 7 8 10 11 | 11.1

Action                   |  1- 3 |  4- 6 |  7- 9 | 10-12 | 13-15 | 16-18 || total
-------------------------+-------+-------+-------+-------+-------+-------++-------
Melee: Hand axe          |    40 |       |    51 |       |       |       ||    91
       Dagger            |    54 |   118 |       |       |       |       ||   172
       Headbutt          |    10 |    18 |    62 |    96 |   234 |   195 ||   615
       Punch             |     1 |     4 |     5 |     5 |    10 |       ||    25
       Spear             |       |       |   308 |   463 |       |       ||   771
       Broad axe         |       |       |       |    28 |  1064 |   844 ||  1936
Invok: Berserk           |     1 |     1 |     2 |     3 |     5 |     4 ||    16
       Trog's Hand       |       |       |     1 |       |     1 |       ||     2
       Brothers in Arms  |       |       |       |       |     2 |     4 ||     6
Evoke: Wand              |       |       |       |       |     4 |       ||     4
  Use: Scroll            |       |       |     8 |     1 |     9 |    20 ||    38
       Potion            |       |       |       |     1 |     6 |     3 ||    10
 Stab: Invisible         |       |       |       |       |     2 |       ||     2
       Petrified         |       |       |       |       |     1 |       ||     1
Armor: Plate armour      |    43 |    61 |   283 |   211 |   607 |   527 ||  1732
       Animal skin       |     2 |       |       |       |       |       ||     2
Dodge: Dodged            |    43 |    33 |   184 |   226 |   457 |   262 ||  1205
       Repelled          |       |       |       |       |       |     9 ||     9
Block: Tower shield      |       |       |       |       |   180 |   439 ||   619
